 Dungeon Crawl Stone Soup version 0.28-a0-834-g1a73be5ee4 (webtiles) character file.

Game seed: 4340645839373112734

74 MacCMillion the Magician (level 4, -6/31 HPs)
             Began as a Djinni Venom Mage on Nov 11, 2021.
             Mangled by an orc (7 damage)
             ... on level 3 of the Dungeon.
             The game lasted 00:05:33 (2899 turns).

MacCMillion the Magician (Djinni Venom Mage)        Turns: 2899, Time: 00:05:34

Health: -6/31      AC:  2    Str:  8    XL:     4   Next: 54%
Gold:   72         EV: 13    Int: 17    God:
                   SH:  0    Dex: 13

rFire   + + .      SeeInvis .   f - +0 dagger
rCold   x . .      Faith    .   (no shield)
rNeg    . . .      Spirit   .   a - +0 robe
rPois   ∞          Reflect  .   (no helmet)
rElec   .          Harm     .   (no cloak)
rCorr   .          Rampage  .   (no gloves)
Will    .....                   (boots unavailable)
Stlth   ++........              (no amulet)
HPRegen 0.10/turn               (no ring)
MPRegen 0.00/turn               (no ring)

@: flying
A: sickness immunity, fire resistance 2, cold vulnerability 1, float, innate
caster, hp casting, extra vitality 1
a: no special abilities


You were on level 3 of the Dungeon.
You visited 1 branch of the dungeon, and saw 3 of its levels.

You collected 72 gold pieces.

Inventory:

Hand Weapons
 f - a +0 dagger (weapon)
Missiles
 d - 5 boomerangs
Armour
 a - a +0 robe (worn)
Scrolls
 b - 2 scrolls of teleportation {unknown}
 c - 2 scrolls of identify {unknown}
 e - a scroll of blinking {unknown}


   Skills:
 + Level 0.3 Fighting
 + Level 3.1 Dodging
 + Level 1.8 Stealth
 + Level 3.3 Spellcasting


You couldn't memorise any spells.
You knew the following spells:

 Your Spells              Type           Power      Damage    Failure   Level
a - Sting                 Tmut/Pois      56%        1d5       4%          1
b - Poisonous Vapours     Pois/Air       28%        N/A       6%          2
c - Mephitic Cloud        Conj/Pois/Air  14%        N/A       13%         3
d - Olgreb's Toxic Radia  Pois           14%        N/A       38%         4
e - Freeze                Ice            56%        1d7       4%          1
Your spell library was empty.

Dungeon Overview and Level Annotations

Branches:
Dungeon (3/15)

Altars:

Shops:
D:1 =


Innate Abilities, Weirdness & Mutations

You are immune to sickness and miasma.
You are immune to poison.
Your flesh is very heat resistant. (rF++)
You are vulnerable to cold. (rC-)
You float through the air rather than walking.
You learn spells naturally, not from books.
Your magical power is your life essence.
You have superior vitality. (+4 HP)


Message History

Confirm with . or Enter, or press ? or * to list all spells.
Aiming: Poisonous Vapours (safe; 6% risk of failure)
Press: ? - help, Dir - move target, f - ogre
Aim: an ogre, wielding a +0 giant club Poisonous vapours surround the ogre!
The ogre is poisoned.
The kobold throws a stone.
The stone barely misses you.
Casting: Poisonous Vapours (safe; 6% risk of failure)
Confirm with . or Enter, or press ? or * to list all spells.
Aiming: Poisonous Vapours (safe; 6% risk of failure)
Press: ? - help, Dir - move target, f/p - ogre
Aim: an ogre, wielding a +0 giant club (lightly wounded, poisoned) Poisonous vapours surround the ogre!
The ogre looks even sicker.
An orc comes into view. It is wielding a +0 hand axe.
The kobold throws a stone.
The stone hits you.
The kobold throws a stone.
The stone closely misses you.
You see here a hobgoblin corpse.
Casting: Poisonous Vapours (safe; 6% risk of failure)
Confirm with . or Enter, or press ? or * to list all spells.
Aiming: Poisonous Vapours (safe; 6% risk of failure)
Press: ? - help, Dir - move target, f/p - ogre
Aim: an ogre, wielding a +0 giant club (lightly wounded, poisoned) Poisonous vapours surround the ogre!
The ogre looks even sicker.
The sting misses the ogre.
There is a stone staircase leading up here.
The kobold throws a stone.
The stone hits you but does no damage.
A ball python comes into view.
Found a stone staircase leading up.
The kobold throws a stone.
The stone hits you.
The ball python hisses angrily.
Casting: Sting (safe; 4% risk of failure)
Confirm with . or Enter, or press ? or * to list all spells.
Aiming: Poisonous Vapours (safe; 6% risk of failure)
Press: ? - help, Dir - move target, f - ball python, p - ogre
Aim: a ball python Poisonous vapours surround the ball python!
The ball python is poisoned.
The ogre hits you with a +0 giant club!
Ouch! That really hurt!
* * * LOW HITPOINT WARNING * * *
The orc hits you with a +0 hand axe!
You die...

.###.# .....# .....#
..<..# #######.....# ..
#...#.S.....# ...
#...#......###..o ....
#...#.@...# .....
....#+#....Oo...##.o...
............K..........
.............#.......>.
.............#.........
###....##...#.........
.....$$.<†.............
##......#......###.....
#..[...#......# ###


You could see an ogre (poisoned), an orc, a ball python (poisoned) and a kobold.

Vanquished Creatures
  3 adders
  2 worms (D:2)
  2 dart slugs
  5 endoplasms
  2 giant cockroaches (D:2)
  5 hobgoblins
  2 jackals (D:2)
  8 ball pythons
  2 bats
  A frilled lizard (D:1)
  4 kobolds
  2 rats (D:1)
38 creatures vanquished.

Notes
Turn   | Place    | Note
-------+----------+-------------------------------------------
     0 | D:1      | MacCMillion the Djinni Venom Mage began the quest for the
                  | Orb.
     0 | D:1      | Reached XP level 1. HP: 15/15 MP: 0/0
    25 | D:1      | Found Veerr's Jewellery Boutique.
   400 | D:1      | Reached XP level 2. HP: 16/21 MP: 0/0
  1139 | D:2      | Found a faded altar of an unknown god.
  1147 | D:2      | Reached XP level 3. HP: 16/25 MP: 0/0
  1147 | D:2      | Learned a level 1 spell: Freeze
  1721 | D:2      | Reached XP level 4. HP: 20/31 MP: 0/0
  2880 | D:3      | Noticed an ogre
  2899 | D:3      | HP: 1/31 [ogre (16)]
  2899 | D:3      | Mangled by an orc

Illustrated notes

Levels and vault maps discovered:
D:1:      lightli_arrival_chessboard, layout_basic, serial_shops,
          nicolae_lakefront_shop
D:2:      layout_loops_corners, hellmonk_ecumenical_altar_pennies_from_heaven
D:3:      layout_basic, mainiacjoe_overflow_concentric_impassable,
          general_overflow_altar, uniq_sigmund, uniq_crazy_yiuf_cottage,
          uniq_natasha, uniq_grinder

Skill      XL: |  1  2  3  4 |
---------------+-------------+-----
Spellcasting   | 3 |  3.3
Dodging        | 3 |  3.1
Fighting       | |  0.3
Stealth        | |  1.8

Action                   |  1- 3 |  4- 6 || total
-------------------------+-------+-------++-------
Melee: Unarmed           |     1 |       ||     1
       Dagger            |       |     5 ||     5
 Cast: Sting             |    43 |    22 ||    65
       Poisonous Vapours |     8 |    10 ||    18
Armor: Robe              |     1 |     2 ||     3
Dodge: Dodged            |    10 |     5 ||    15

Table legend: (Time is in decaauts)
 A = Elapsed time spent in this place.
 B = Non-inter-level travel time spent in this place.
 C = Inter-level travel time spent in this place.
 D = Time resting spent in this place.
 E = Time spent auto-exploring this place.
 F = Levels seen in this place.
 G = Mean time per level.
                   A        B        C        D        E       F      G
               +--------+--------+--------+--------+--------+-----+--------+
         Total |   2899 |   2776 |    123 |    138 |   2321 |   3 |  966.3 |
       Dungeon |   2899 |   2776 |    123 |    138 |   2321 |   3 |  966.3 |
               +--------+--------+--------+--------+--------+-----+--------+

Top non-repeatable levels by time:
     D:2: 1662 daAuts
     D:1: 1209 daAuts
     D:3: 27 daAuts
